 Dungeon Crawl Stone Soup version 0.28-a0-664-gc179e30c89 (webtiles) character file.

Game seed: 3125028129103426284

0 spiderkeys the Skirmisher (level 1, -33/18 HPs)
             Began as a Barachi Abyssal Knight on Oct 15, 2021.
             Was a Follower of Lugonu.
             Annihilated by a tentacled starspawn (36 damage)
             ... on level 2 of the Abyss.
             The game lasted 00:01:00 (175 turns).

spiderkeys the Skirmisher (Barachi Abyssal Knight)   Turns: 175, Time: 00:01:01

Health: -33/18     AC:  5    Str: 14    XL:     1   Next: 0%
Magic:  2/2        EV: 11    Int: 10    God:    Lugonu [*.....]
Gold:   0          SH:  0    Dex: 12    Spells: 0/0 levels left

rFire   . . .      SeeInvis .   a - +1 falchion
rCold   . . .      Faith    .   (no shield)
rNeg    . . .      Spirit   .   b - +0 leather armour
rPois   .          Reflect  .   c - +1 helmet
rElec   .          Harm     .   (no cloak)
rCorr   .          Rampage  .   (no gloves)
Will    .....                   (no boots)
Stlth   +.........              (no amulet)
HPRegen 0.06/turn               (no ring)
MPRegen 0.08/turn               (no ring)

@: unable to hop, slow
A: amphibious, slowness 1, strong legs 1, +LOS
a: Hop, Renounce Religion, Depart the Abyss


You were on level 2 of the Abyss.
You worshipped Lugonu.
Lugonu was aware of your devotion.
You visited 0 branches of the dungeon, and saw 0 of its levels.
You visited the Abyss 1 time.


Innate Abilities, Weirdness & Mutations

You are amphibious.
You cover ground slowly.
You can hop short distances.
You have an extended range of vision and can be seen from far away.


   Skills:
 + Level 3.6 Fighting
 + Level 2.4 Long Blades
 + Level 2.4 Armour
 + Level 1.1 Dodging
 + Level 1.5 Invocations


You couldn't memorise any spells.
You didn't know any spells.
Your spell library contained the following spells:

 Spells                   Type           Power      Damage    Failure   Level
 Animate Skeleton         Necr           0%         N/A       43%         1
 Apportation              Tloc           0%         N/A       43%         1
 Summon Small Mammal      Summ           0%         N/A       43%         1

Inventory:

Hand Weapons
 a - a +1 falchion (weapon)
Missiles
 e - 16 stones
Armour
 b - a +0 leather armour (worn)
 c - a +1 helmet (worn)
   (You found it on level 1 of the Abyss)
Wands
 d - a wand of flame (10)
   (You found it on level 2 of the Abyss)

Dungeon Overview and Level Annotations

Branches:
Dungeon (0/15)

Altars:

. .## . . ..##.. #.
.## #.#.. .# #..
.#..#.##.. ..##
......... #...
#....####...#
#.####..#──#.#...#...
.≈≈≈..#≈/──XX.....#
≈.≈≈≈∩.│<##≈@#.#.#.#
..####≈≈\──w≈≈## #
#≈≈.wh.≈..#
####.≈.#........
.#.#...3.##....# #
....##.## ....# ##...
.### ##.#.. #..
....#.# ###.. #
#.#..#.#.# ...


You could see a tentacled starspawn, a thrashing horror, a raiju, a ynoxinul and
2 starspawn tentacles.


Message History

🤖 Initializing magus.rc ...
Options error: Delay interrupt name "hungry" not recognised. (~/.crawlrc:4988) ✅ Successfully initialized magus.rc [v1.9.10] Welcome, spiderkeys the Barachi Abyssal Knight.
The magnificent Orb of Zot lies far below, as if waiting for you to find it.
Lugonu says: Depart the Abyss and spread corruption, my servant! (use the ability menu to exit the Abyss) Press ? for a list of commands and other information.
Found a corrupted altar of Lugonu.
You are suddenly pulled into a different region of the Abyss!
c - a +1 helmet Unknown command.
Found a gateway leading deeper into the Abyss.
You start putting on your armour.
You continue putting on your +1 helmet. x4
You finish putting on your +1 helmet.
Found a gateway leading deeper into the Abyss.
An ufetubus materialises.
A large abomination comes into view.
The ufetubus shouts!
You hear a shout!
A hell knight comes into view. It is wielding a +0 battleaxe.
There is a gateway leading deeper into the Abyss here.
The ufetubus hits you but does no damage.
The ufetubus barely misses you.
You plunge deeper into the Abyss.
d - a wand of flame (10)
e - 16 stones
f - a scroll labelled COACAT LAISCHOPT You pick up a book of Cantrips and begin reading...
You add the spells Animate Skeleton, Summon Small Mammal and Apportation to your library.
A ynoxinul comes into view.
The ynoxinul bellows!
As you read the scroll labelled COACAT LAISCHOPT, it crumbles to dust.
You feel momentarily disoriented.
It was a scroll of magic mapping.
A raiju comes into view.
The raiju barks!
You hear a bark!
The raiju bursts into living lightning!
The living lightning misses you.
The raiju blinks! x2
The raiju bites you but does no damage.
You see here a +0 spear of flaming.
The thrashing horror closely misses you.
The thrashing horror misses you.
Hop to where?
Press: ? - help, Dir - move target Boing!
The thrashing horror roars!
A tentacled starspawn comes into view.
The thrashing horror misses you.
The thrashing horror tramples you but does no damage.
Found a gateway leading out of the Abyss.
The thrashing horror roars!
The thrashing horror closely misses you. x2
Tentacles burst from the starspawn's body! 2 starspawn tentacles come into view.
The starspawn tentacle grabs you. The starspawn tentacle constricts you.
The thrashing horror barely misses you.
The thrashing horror tramples you but does no damage. 😕 HP[-1]
You take 1 damage, and now have 17/18 hp.
The starspawn tentacle's grasp on you weakens, but your attempt to escape fails.
The thrashing horror tramples you!
You are held in place!
The thrashing horror tramples you.
* * * LOW HITPOINT WARNING * * *
You are held in place!
The starspawn tentacle loses its grip on you.
The tentacle pulls you backwards!
Floosh!
The starspawn tentacle grabs you. The starspawn tentacle constricts you.
* * * LOW HITPOINT WARNING * * *
😨 HP[-10]
You take 10 damage, and now have 7/18 hp.
MASSIVE DAMAGE!! (PAUSE)
You escape the starspawn tentacle's grasp.
A tentacle flies out from the starspawn's body!
The starspawn tentacle grabs you. The starspawn tentacle constricts you.
* * * LOW HITPOINT WARNING * * *
A starspawn tentacle comes into view. 😨 HP[-2]
You take 2 damage, and now have 5/18 hp.
You escape the starspawn tentacle's grasp.
The thrashing horror tramples you but does no damage. x2
The starspawn tentacle grabs you. The starspawn tentacle constricts you.
* * * LOW HITPOINT WARNING * * *
😱 HP[-2]
You take 2 damage, and now have 3/18 hp.
You hit the tentacled starspawn.
The starspawn tentacle loses its grip on you.
The thrashing horror closely misses you.
The thrashing horror tramples you but does no damage.
The starspawn tentacle barely misses you.
You hit the tentacled starspawn but do no damage.
The thrashing horror tramples you but does no damage.
The thrashing horror misses you. The tentacled starspawn bites you!!!
Ouch! That really hurt!
You die...

Action                   || total
-------------------------++-------
Melee: Falchion          ||     2
 Abil: Hop               ||     1
  Use: Scroll            ||     1
Armor: Leather armour    ||     8
Dodge: Dodged            ||    11

Levels and vault maps discovered:
Abyss:2:  base: Temple, base: Temple, evilmike_abyss_exit_15

Notes
Turn   | Place    | Note
-------+----------+-------------------------------------------
     0 | Abyss:1  | spiderkeys the Barachi Abyssal Knight began the quest for
                  | the Orb.
     0 | Abyss:1  | Reached XP level 1. HP: 18/18 MP: 2/2
     0 | Abyss:1  | magus.rc [v1.9.10]
   122 | Abyss:1  | Noticed a large abomination
   122 | Abyss:1  | Noticed a hell knight
   153 | Abyss:2  | You pick up a book of Cantrips and begin reading...
   153 | Abyss:2  | You add the spells Animate Skeleton, Summon Small Mammal
                  | and Apportation to your library.
   156 | Abyss:2  | Noticed a ynoxinul
   159 | Abyss:2  | Noticed a raiju
   163 | Abyss:2  | Noticed a thrashing horror
   166 | Abyss:2  | Noticed a tentacled starspawn
   173 | Abyss:2  | HP: 3/18 [constriction[a tentacled starspawn] (2)]
   175 | Abyss:2  | Annihilated by a tentacled starspawn

Vanquished Creatures (others)
  A starspawn tentacle (Abyss:2)
1 creature vanquished.

Table legend:
 A = Non-vault XP
 B = Vault XP
 C = Vault XP percentage of total XP
 D = Non-vault monster count
 E = Vault monster count
 F = Vault count percentage of total count
                 A         B        C        D         E       F
            +---------+---------+-------+---------+---------+-------
      Total |       0 |       0 |   N/A |       0 |       0 |  -nan
            +---------+---------+-------+---------+---------+-------
            +---------+---------+-------+---------+---------+-------

Illustrated notes

Table legend: (Time is in decaauts)
 A = Elapsed time spent in this place.
 B = Non-inter-level travel time spent in this place.
 C = Inter-level travel time spent in this place.
 D = Time resting spent in this place.
 E = Time spent auto-exploring this place.
 F = Levels seen in this place.
 G = Mean time per level.
                   A        B        C        D        E       F      G
               +--------+--------+--------+--------+--------+-----+--------+
         Total |    206 |    206 |      0 |      0 |    149 |   2 |  103.0 |
         Abyss |    206 |    206 |      0 |      0 |    149 |   2 |  103.0 |
               +--------+--------+--------+--------+--------+-----+--------+

Top non-repeatable levels by time:
 Abyss:1: 148 daAuts
 Abyss:2: 58 daAuts
